cohdb
Replays
Latest Replays
All Replays
Popular Replays
Top Player Replays
Match Explorer
How It Works
Community
CoH3 Stats
Reddit
Sign in to upload your games and track your stats! →
Sign in with Steam
Match 45920186
Unlisted
Match 45920186
Overview
Messages
Build Orders
End
Engineer Squad
Construct Barracks
1⁄4-ton 4x4 Truck
Selects Advanced Infantry Battlegroup
Riflemen Squad
Riflemen Squad
Infantry Support Center
Grenade Package
Selects Convert to Ranger Squad
Riflemen Squad
Selects Frontline Medical Station
Frontline Medical Station
Construct Motor Pool
Munitions Surplus
M8 Greyhound Armored Car
Advanced Logistics
Construct Weapon Support Center
Convert to Ranger Squad
Selects Ammunition Storage
Improved M9 Bazooka Rockets
Convert to Ranger Squad
Construct Tank Depot
Selects Ranger Weapon Training
Mechfruit
肘术回战
Mr.Larry.Mx
isaaac555555
Dog
Dragoness
Hudkey
Halokoo
0
0
Comments
sign in to comment!
No comments posted yet!